 Dungeon Crawl Stone Soup version 0.32-a0-871-ge202e49faa (webtiles) character file.

Game seed: 6719822806608436482

294 Autsider the Ruffian (level 6, -2/42 HPs)
             Began as an Octopode Shapeshifter on Mar 29, 2024.
             Slain by a gnoll
             ... wielding a +0 halberd
              (11 damage)
             ... on level 4 of the Dungeon.
             The game lasted 00:10:25 (2534 turns).

Autsider the Ruffian (Octopode Shapeshifter)        Turns: 2534, Time: 00:10:26

Health: -2/42      AC:  1    Str: 14    XL:     6   Next: 33%
Magic:  6/6        EV: 12    Int: 12    God:
Gold:   112        SH:  0    Dex: 13    Spells: 5/5 levels left

rFire   . .          .
                       - Unarmed
rCold   . . .        (no shield)
rNeg    . . .        (helmet currently unavailable)
rPois   .            (no amulet)
rElec   .            k - ring of flight
rCorr   .            (no ring)
SInv    .            (no ring)
Will    .....        (no ring)
Stlth   ++           (no ring)
HPRegen 0.27/turn    (no ring)
MPRegen 0.10/turn    (no ring)
                     (no ring)

%: no passive effects
@: beast-form, flying
A: beast (slay +2), almost no armour, amphibious, 8 rings, camouflage 1,
gelatinous body 1, (nimble swimmer 1), tentacles
a: Begin Untransformation


You were on level 4 of the Dungeon.
You were a hulking beast.
You visited 1 branch of the dungeon, and saw 4 of its levels.

You collected 145 gold pieces.
You spent 33 gold pieces at shops.

Inventory:

Jewellery
 k - a ring of flight (left tentacle)
Talismans
 b - a beast talisman (active)
 c - a flux talisman
 f - a blade talisman
Wands
 o - a wand of polymorph (11)
Scrolls
 e - a scroll of poison
 h - 3 scrolls of immolation
 i - a scroll of silence
Potions
 a - 3 potions of lignification
 g - a potion of might


   Skills:
 + Level 3.6 Fighting
 - Level 2.0 Dodging
 + Level 4.6 Unarmed Combat
 + Level 4.3 Shapeshifting


You had 5 spell levels left.
You didn't know any spells.
Your spell library contained the following spells:

 Spells                   Type           Power      Damage    Failure   Level
 Ensorcelled Hibernation  Hex/Ice        0%         N/A       45%         2
 Passwall                 Erth           0%         N/A       69%         3
 Swiftness                Air            0%         N/A       69%         3
 Dispersal                Tloc           0%         N/A       100%        6
 Gell's Gavotte           Tloc           0%         2d(11-16) 100%        6
 Manifold Assault         Tloc           0%         N/A       100%        7
 Disjunction              Tloc           0%         N/A       100%        8


Dungeon Overview and Level Annotations

Branches:
Dungeon (4/15)
 Temple: D:4-7

Altars:
Zin

Shops:
D:2 !:?   D:3 !


Innate Abilities, Weirdness & Mutations

You are a hulking beast.
Your limbs bulge with bestial killing power. (Slay +2)
You cannot wear most types of armour.
You are amphibious.
You can wear up to eight rings at the same time.
Your skin changes colour to match your surroundings (Stealth+).
Your rubbery body absorbs attacks. (AC +1, EV +1)
((You are camouflaged when in or above water. (Stealth+)))
You have tentacles for arms and can constrict up to eight enemies at once.


Message History

You kill the gnoll!
The gnoll hits you from afar with a +0 spear.
A kobold comes into view. It is wielding a +0 club.
A gnoll comes into view. It is wielding a +0 halberd.
The gnoll shouts!
The gnoll attacks as it pursues you! The gnoll barely misses you.
The gnoll moves out of view.
The kobold shouts!
You tentacle-slap the giant cockroach.
You kill the giant cockroach!
The gnoll barely misses you. The gnoll attacks as it pursues you!
The gnoll misses you. The gnoll attacks as it pursues you!
The gnoll hits you from afar with a +0 spear.
Items here: )))) ÷÷.
The gnoll attacks as it pursues you!
The gnoll hits you from afar with a +0 spear.
You start resting.
A gnoll is nearby!
The gnoll hits you from afar with a +0 halberd!
* * * LOW HITPOINT WARNING * * *
The gnoll hits you with a +0 spear.
* * * LOW HITPOINT WARNING * * *
You tentacle-slap the gnoll. You grab the gnoll.
The gnoll is heavily wounded.
You constrict the gnoll. The gnoll closely misses you. The gnoll misses you.
You bludgeon the gnoll!
You kill the gnoll!
The gnoll closely misses you. The gnoll attacks as it pursues you!
The gnoll misses you. The gnoll attacks as it pursues you!
The gnoll hits you from afar with a +0 halberd!
* * * LOW HITPOINT WARNING * * *
You feel better. The gnoll closely misses you.
The gnoll attacks as it pursues you!
The gnoll hits you from afar with a +0 halberd!
* * * LOW HITPOINT WARNING * * *
You feel better.
The gnoll hits you from afar with a +0 halberd!
You die...

..#.# ###.# #.. #######...#
#### .#.## #.. #.........#
###..# .....###. #........####
#.g..# #.# #.... #.........#.#
#.#.## ♣.♣ #..<. #.......#.#.#
#.#)g#♣♣.♣♣##...
#.......#.#)###.##..g.......##
#####.###.....#g####♣♣g♣♣##.#
#...##...h..# ♣.♣ #<#
###)####....# #.# #.#
#########).)###...# #g# ##.#
##.............##..# #.##...#
.......).†..##.....####
#gK..###
≈..............#......####w###
≈...####)#####..###.......†##
≈... #.# ##.####...#....## ≈..
#.# #......#....#..####


You could see a gnoll.

Vanquished Creatures
  A phantom (D:4)
  An orc wizard (D:4)
  Terence (D:3)
  6 gnolls (D:4)
  4 adders
  A ribbon worm (D:2)
  A dart slug (D:2)
  5 orcs (D:4)
  6 ball pythons
  10 endoplasms
  3 giant cockroaches
  3 goblins
  7 hobgoblins
  5 jackals
  7 kobolds
  3 quokkas
  3 bats
  3 frilled lizards
  2 rats
72 creatures vanquished.

Notes
Turn   | Place    | Note
-------+----------+-------------------------------------------
     0 | D:1      | Autsider the Octopode Shapeshifter began the quest for the
                  | Orb.
     0 | D:1      | Reached XP level 1. HP: 13/13 MP: 1/1
     9 | D:1      | Noticed a centaur
   120 | D:1      | Reached XP level 2. HP: 18/18 MP: 2/2
   413 | D:1      | Reached XP level 3. HP: 24/24 MP: 3/3
   823 | D:2      | Found Agyon's Book Shoppe.
  1078 | D:2      | Found Mewiymos's Distillery.
  1092 | D:2      | Bought a potion of curing for 33 gold pieces
  1290 | D:2      | Found Jieg's Magic Scroll Boutique.
  1352 | D:3      | Noticed Terence
  1395 | D:3      | Killed Terence
  1396 | D:3      | Reached XP level 4. HP: 18/30 MP: 4/4
  1592 | D:3      | Found a glowing silver altar of Zin.
  1637 | D:3      | Found Qyjot's Distillery.
  2026 | D:4      | Reached XP level 5. HP: 26/35 MP: 5/5
  2228 | D:4      | Noticed a phantom
  2242 | D:4      | Killed a phantom
  2243 | D:4      | Reached XP level 6. HP: 36/42 MP: 6/6
  2534 | D:4      | Slain by a gnoll

Illustrated notes

Levels and vault maps discovered:
D:1:      evilmike_arrival_come_back, layout_basic, kennysheep_pointless_box,
          nicolae_figureground_pulse
D:2:      layout_loops_cross, serial_shops, shop, nicolae_book_shop_shelving,
          shop
D:3:      layout_rooms, mainiacjoe_overflow_alcove_2, serial_shops, shop,
          lemuel_flame_loot_1, uniq_terence
D:4:      minmay_spotlight, layout_rooms,
          mainiacjoe_overflow_concentric_impassable, minmay_tree_intersection,
          hangedman_decor_points

Skill      XL: |  1  2  3  4  5 |
---------------+----------------+-----
Fighting       | 2 3 |  3.6
Unarmed Combat | 4 |  4.6
Shapeshifting  | 4 |  4.3
Dodging        | |  2.0

Action                     |  1- 3 |  4- 6 || total
---------------------------+-------+-------++-------
  Melee: Unarmed           |    70 |    56 ||   126
         Constrict         |    18 |    21 ||    39
         Tentacles         |     8 |    12 ||    20
         Punch             |     5 |     2 ||     7
    Use: Scroll            |       |     8 ||     8
         Potion            |       |     2 ||     2
   Stab: Sleeping          |     7 |     3 ||    10
 Armour: Skin              |    26 |    32 ||    58
  Dodge: Dodged            |    31 |    21 ||    52

Table legend: (Time is in decaauts)
 A = Elapsed time spent in this place.
 B = Non-inter-level travel time spent in this place.
 C = Inter-level travel time spent in this place.
 D = Time resting spent in this place.
 E = Time spent auto-exploring this place.
 F = Levels seen in this place.
 G = Mean time per level.
                   A        B        C        D        E       F      G
               +--------+--------+--------+--------+--------+-----+--------+
         Total |   2525 |   2449 |     76 |    444 |   1386 |   4 |  631.2 |
       Dungeon |   2525 |   2449 |     76 |    444 |   1386 |   4 |  631.2 |
               +--------+--------+--------+--------+--------+-----+--------+

Top non-repeatable levels by time:
     D:1: 805 daAuts
     D:4: 587 daAuts
     D:2: 570 daAuts
     D:3: 562 daAuts
